 Dungeon Crawl Stone Soup version 0.23.1-37-gaa34b87b72 (webtiles) character file.

Game seed: 17563235771866472962

15990 MisterOstroum the Unseen (level 12, -11/61 HPs)
             Began as a Spriggan Enchanter on Mar 23, 2019.
             Was an Elder of Makhleb.
             Mangled by a minotaur (27 damage)
             ... in a Gauntlet on Mar 25, 2019.
             The game lasted 01:35:11 (14885 turns).

MisterOstroum the Unseen (Spriggan Enchanter)      Turns: 14885, Time: 01:35:12

Health: -11/61     AC:  5    Str:  8    XL:     12   Next: 6%
Magic:  19/25      EV: 29    Int: 21    God:    Makhleb [****..]
Gold:   749        SH:  0    Dex: 17    Spells: 15/27 levels left

rFire    . . .     SeeInvis +   H - +4 dagger (elec)
rCold    . . .     Gourm    .   (shield restricted)
rNeg     . . .     Faith    .   b - +1 robe
rPois    .         Spirit   .   (helmet restricted)
rElec    .         Reflect  .   s - +1 cloak
rCorr    .         Harm     .   (gloves unavailable)
MR       ++...     NoTele   +   (boots unavailable)
Stlth    ++++++....             (no amulet)
HPRegen  0.20/turn              E - +4 ring of strength
MPRegen  0.19/turn              T - +3 ring of evasion

@: very quick
A: very small, unfitting armour, see invisible, herbivore, speed 3, slow
metabolism 2
a: Minor Destruction, Lesser Servant of Makhleb, Major Destruction, Renounce
Religion


You were in a Gauntlet.
You worshipped Makhleb.
Makhleb was greatly pleased with you.
You were not hungry.

You visited 1 branch of the dungeon, and saw 12 of its levels.
You also visited: Gauntlet.

You collected 749 gold pieces.

Inventory:

Hand Weapons
 a - a +0 blowgun
 c - a +0 hunting sling
 H - a +4 dagger of electrocution (weapon)
 O - a +3 scimitar of flaming
Missiles
 d - 35 poisoned needles
 f - 8 curare-tipped needles
 t - 129 sling bullets
 z - 11 tomahawks (quivered)
 C - 4 poisoned tomahawks
Armour
 b - a +1 robe (worn)
 s - a +1 cloak (worn)
Jewellery
 h - an uncursed ring of poison resistance
 m - the amulet "Vepneyt" {RegenMP +Fly rN+ SInv, unknown}
   (You found it in a Gauntlet)

   [amulet of magic regeneration]

   It increases your magic regeneration.
   It protects you from negative energy.
   It lets you see invisible.
   It lets you fly.
 E - a +4 ring of strength (left hand)
 L - an uncursed ring of protection from cold
 N - an uncursed ring of magical power
 T - a +3 ring of evasion (right hand)
Wands
 G - a wand of digging (5)
 J - a wand of random effects (22)
 M - a wand of paralysis (4)
 P - a wand of acid (18)
Scrolls
 g - 4 scrolls of remove curse
 j - a scroll of blinking
 l - 3 scrolls of enchant armour
 p - 3 scrolls of identify
 x - 2 scrolls of teleportation
 y - 2 scrolls of fog
 D - a scroll of fear
Potions
 i - a potion of haste {unknown}
 k - 2 potions of lignification
 o - a potion of invisibility
 q - 8 potions of curing
 r - 3 potions of mutation
 u - a potion of resistance
 v - a potion of ambrosia
 w - 9 potions of heal wounds
 A - a potion of magic
 K - 2 potions of agility
Comestibles
 e - 16 rations


   Skills:
 + Level 6.0 Fighting
 - Level 8.1 Short Blades
 + Level 4.5 Throwing
 - Level 10.0 Dodging
 - Level 15.1 Stealth
 - Level 8.1 Spellcasting
 - Level 9.0 Hexes
 + Level 5.7 Invocations


You had 15 spell levels left.
You knew the following spells:

 Your Spells              Type           Power        Failure   Level  Hunger
a - Ensorcelled Hibernat  Hex/Ice        ####..       1%          2    None
b - Confuse               Hex            #####...     1%          3    None
c - Corona                Hex            #####..      1%          1    None
d - Tukima's Dance        Hex            #####...     1%          3    None
e - Portal Projectile     Hex/Tloc       ####..       3%          3    None

Your spell library contained the following spells:

 Spells                   Type           Power        Failure   Level  Hunger
 Slow                     Hex            #####...     1%          2    None
 Cause Fear               Hex            #####.....   1%          4    ###....
 Dazzling Spray           Conj/Hex       ####..       3%          3    None
 Inner Flame              Hex/Fire       ####....     3%          3    None
 Leda's Liquefaction      Hex/Erth       ####......   12%         4    ###....


Dungeon Overview and Level Annotations

Branches:
Dungeon (12/15)            Temple (0/1) D:5            Lair (0/6) D:10
    Orc (0/2) D:12

Altars:
Ashenzari
Cheibriados
Dithmenos
Hepliaklqana
Makhleb
Nemelex Xobeh
Qazlal
Sif Muna
Uskayaw
Vehumet
Wu Jian
Xom
Yredelemnul

Shops:
D:12 [(

Annotations:
D:9 exclusion: statue
D:11 3 runed translucent doors Gauntlet 5 transporters


Innate Abilities, Weirdness & Mutations

You are very small and have problems with some larger weapons.
You are too small for most types of armour.
You have supernaturally acute eyesight. (SInv)
You are a herbivore.
You cover ground extremely quickly.
You need to consume almost no food.


Message History

Okay, then.
Press: ? - help, . - travel You can't see that place. [the floor.]
You swap places.
A javelin of penetration appears from out of your range of vision.
The javelin of penetration pierces through your neqoxec!!
You start resting.
The minotaur is too close now for your liking.
You swap places.
You start resting.
You are no longer teleporting projectiles to their destination.
A javelin of penetration appears from out of your range of vision.
The javelin of penetration completely misses your neqoxec.
A javelin of penetration appears from out of your range of vision.
You see here a javelin of penetration.
You hit the minotaur.
The minotaur is almost dead.
The minotaur hits you!!
You die...

⌠..# ..⌠+ ... .∩ .#
#######'#######
#(53..(.......#
#H###3###.###.#
#(@(..........#
###(###.###.###
#.###.###.#####
.............≈#
8.8.8.8.8.8.8.8#
.............§.≈#
###.#########.######
.#.#..≈∩≈§.#.#.....
#...§§§.#©#.....


You could see a minotaur and a friendly neqoxec.

Vanquished Creatures
  A blizzard demon (Gauntlet)
  A hydra (D:11)
  Erolcha (D:11)
  Erica (D:9)
  A two-headed ogre (D:10)
  Sonja (D:11)
  2 unseen horrors
  2 ugly things (D:11)
  An oklob plant (Gauntlet)
  Psyche (D:11)
  A gargoyle (D:7)
  3 ice devils (Gauntlet)
  A troll (D:8)
  Grinder (D:6)
  A hornet (D:10)
  A hippogriff (shapeshifter) (Gauntlet)
  A hippogriff (D:11)
  3 hogs (D:11)
  A tarantella (shapeshifter) (Gauntlet)
  A human (D:11)
  7 yaks
  3 acid dragons
  Edmund (D:4)
  An acid dragon (shapeshifter) (Gauntlet)
  A water moccasin (D:9)
  2 sky beasts
  A black bear (D:10)
  7 orc warriors
  3 ice beasts
  A necrophage (D:10)
  5 ogres
  4 phantoms
  4 centaurs
  A big kobold (D:9)
  5 bullfrogs
  2 scorpions
  7 killer bees
  A water moccasin skeleton (D:7)
  3 wights (D:9)
  A howler monkey (D:10)
  5 crimson imps
  3 bullfrog zombies
  A centaur zombie (D:9)
  2 quasits (D:10)
  4 jellies
  5 orc priests
  4 iguanas
  3 hounds
  3 bullfrog skeletons
  A centaur skeleton (D:10)
  8 orc wizards
  10 worker ants
  A hound zombie (D:9)
  2 hound skeletons
  A worker ant zombie (D:5)
  9 gnolls
  2 howler monkey skeletons (D:5)
  16 adders
  A shadow imp (D:5)
  2 oozes
  An adder skeleton (D:4)
  3 worms
  4 dart slugs
  7 leopard geckos
  36 orcs
  11 bats
  11 giant cockroaches
  8 goblins
  7 hobgoblins
  14 jackals
  5 quokkas
  A ball python (D:2)
  13 frilled lizards
  8 kobolds
  A leopard gecko skeleton (D:4)
  3 quokka skeletons
  2 quokka zombies (D:8)
  10 rats
  A fungus (D:5)
315 creatures vanquished.

Vanquished Creatures (collateral kills)
  A centaur skeleton (D:7)
1 creature vanquished.

Vanquished Creatures (others)
  A leopard gecko (D:2)
  3 toadstools (D:5)
4 creatures vanquished.

Grand Total: 320 creatures vanquished

Notes
Turn   | Place    | Note
-------+----------+-------------------------------------------
     0 | D:1      | MisterOstroum the Spriggan Enchanter began the quest for
                  | the Orb.
     0 | D:1      | Reached XP level 1. HP: 9/9 MP: 5/5
   262 | D:1      | Reached XP level 2. HP: 13/13 MP: 7/7
   322 | D:1      | Learned a level 2 spell: Ensorcelled Hibernation
   328 | D:1      | Reached skill level 5 in Stealth
   769 | D:1      | Reached XP level 3. HP: 16/16 MP: 8/8
  1585 | D:2      | Reached XP level 4. HP: 21/21 MP: 2/11
  1967 | D:2      | Found a stormy altar of Qazlal.
  2257 | D:2      | Reached skill level 5 in Hexes
  2361 | D:2      | Found a basalt altar of Yredelemnul.
  2951 | D:3      | Learned a level 3 spell: Confuse
  3025 | D:3      | Reached XP level 5. HP: 24/24 MP: 9/13
  3030 | D:3      | Learned a level 3 spell: Tukima's Dance
  3504 | D:3      | Reached skill level 5 in Spellcasting
  3950 | D:3      | Reached skill level 6 in Stealth
  3962 | D:3      | Found a burning altar of Makhleb.
  3962 | D:3      | Noticed an Executioner
  3965 | D:3      | Noticed a ynoxinul
  3965 | D:3      | Noticed an orange demon
  3967 | D:3      | Became a worshipper of Makhleb the Destroyer
  4403 | D:4      | Noticed an ogre
  4420 | D:4      | Killed an ogre
  4420 | D:4      | Reached XP level 6. HP: 15/28 MP: 7/15
  4736 | D:4      | Noticed Edmund
  5355 | D:4      | Killed Edmund
  5481 | D:4      | Reached skill level 7 in Stealth
  5727 | D:4      | Reached XP level 7. HP: 32/32 MP: 12/17
  5790 | D:5      | Entered Level 5 of the Dungeon
  5919 | D:5      | Reached skill level 8 in Stealth
  5996 | D:5      | Found a hazy altar of Hepliaklqana.
  6102 | D:5      | Reached skill level 1 in Fighting
  6102 | D:5      | Reached skill level 9 in Stealth
  6382 | D:5      | Found a deep blue altar of Sif Muna.
  6517 | D:5      | Found a snail-covered altar of Cheibriados.
  6539 | D:5      | Found a staircase to the Ecumenical Temple.
  6616 | D:5      | Reached XP level 8. HP: 37/37 MP: 15/18
  6621 | D:5      | Found a hide-covered altar of Uskayaw.
  6679 | D:5      | Reached * piety under Makhleb
  6841 | D:6      | Got a pair of twisted boots
  6875 | D:6      | Reached skill level 10 in Stealth
  6983 | D:6      | Found a basalt altar of Yredelemnul.
  7105 | D:6      | Noticed Grinder
  7115 | D:6      | Got an ichor-stained dagger
  7118 | D:6      | Identified the cursed +2 dagger of Ximib {speed, rF+ rN+++
                  | Dex-4} (You found it on level 6 of the Dungeon)
  7129 | D:6      | Found a shattered altar of Ashenzari.
  7245 | D:6      | Reached skill level 11 in Stealth
  7443 | D:6      | Killed Grinder
  8275 | D:7      | Found a shimmering altar of Xom.
  8305 | D:7      | Found a shadowy altar of Dithmenos.
  8313 | D:7      | Reached XP level 9. HP: 43/43 MP: 19/19
  8322 | D:7      | Noticed a gargoyle
  8342 | D:7      | Killed a gargoyle
  8342 | D:7      | Reached skill level 12 in Stealth
  8680 | D:7      | Found an ornate altar of the Wu Jian Council.
  8790 | D:7      | Reached skill level 5 in Short Blades
  9280 | D:7      | Learned a level 3 spell: Portal Projectile
  9360 | D:8      | Reached ** piety under Makhleb
  9517 | D:8      | Noticed a troll
  9523 | D:8      | Killed a troll
  9697 | D:8      | Found a sparkling altar of Nemelex Xobeh.
  9814 | D:8      | Reached skill level 5 in Dodging
 10322 | D:9      | Noticed Erica
 10348 | D:9      | Killed Erica
 10348 | D:9      | Reached XP level 10. HP: 39/49 MP: 10/23
 10810 | D:9      | Reached skill level 13 in Stealth
 11014 | D:9      | Found a radiant altar of Vehumet.
 11213 | D:9      | Reached *** piety under Makhleb
 11839 | D:10     | Entered Level 10 of the Dungeon
 12110 | D:10     | Found a staircase to the Lair.
 12128 | D:10     | Noticed an unseen horror
 12134 | D:10     | Reached skill level 14 in Stealth
 12139 | D:10     | Killed an unseen horror
 12252 | D:10     | Noticed a two-headed ogre
 12260 | D:10     | Killed a two-headed ogre
 12260 | D:10     | Reached XP level 11. HP: 53/53 MP: 19/24
 12299 | D:10     | Reached **** piety under Makhleb
 12858 | D:11     | Noticed Psyche
 12861 | D:11     | Killed Psyche
 12904 | D:11     | Noticed Erolcha
 12920 | D:11     | Killed Erolcha
 12920 | D:11     | Reached skill level 1 in Throwing
 12920 | D:11     | Reached skill level 15 in Stealth
 12920 | D:11     | Reached skill level 1 in Invocations
 12952 | D:11     | Noticed a white ugly thing
 12968 | D:11     | Killed a white ugly thing
 13194 | D:11     | Noticed a five-headed hydra
 13495 | D:11     | Noticed an unseen horror
 13504 | D:11     | Killed an unseen horror
 13647 | D:11     | Noticed Sonja
 13653 | D:11     | Noticed a red ugly thing
 13654 | D:11     | Killed Sonja
 13654 | D:11     | Reached skill level 10 in Dodging
 13672 | D:11     | Killed a red ugly thing
 13727 | D:11     | Found a runed translucent gate.
 13727 | D:11     | Found a runed translucent gate.
 13727 | D:11     | Found a runed translucent gate.
 13727 | D:11     | Noticed a white ugly thing
 13759 | D:11     | Noticed a purple ugly thing
 13759 | D:11     | Noticed a white ugly thing
 14009 | D:11     | Killed a five-headed hydra
 14009 | D:11     | Reached skill level 5 in Fighting
 14124 | D:11     | Noticed a brown ugly thing
 14125 | D:11     | Noticed a glowing orange brain
 14261 | D:12     | Found Nukause's Weapon Shoppe.
 14292 | D:12     | Found a staircase to the Orcish Mines.
 14301 | D:12     | Found Zatwoq's Armour Shoppe.
 14551 | D:12     | Noticed a five-headed hydra
 14605 | D:12     | Found a gate leading to a gauntlet.
 14627 | Gauntlet | Entered a Gauntlet
 14627 | Gauntlet | Found a transporter.
 14627 | Gauntlet | Found a transporter.
 14627 | Gauntlet | Found the +2 pair of boots of the Assassin {Detection Stab+
                  | Stlth++}
 14631 | Gauntlet | Found a transporter.
 14631 | Gauntlet | Found a transporter.
 14634 | Gauntlet | Found a transporter.
 14672 | Gauntlet | Found a transporter.
 14685 | Gauntlet | Found a transporter.
 14685 | Gauntlet | Noticed an oklob plant
 14694 | Gauntlet | Killed an oklob plant
 14694 | Gauntlet | Reached skill level 5 in Invocations
 14716 | Gauntlet | Found a transporter.
 14720 | Gauntlet | Found a transporter.
 14728 | Gauntlet | Noticed a blizzard demon
 14816 | Gauntlet | Found a transporter.
 14816 | Gauntlet | Found a transporter.
 14817 | Gauntlet | Noticed a wizard
 14817 | Gauntlet | Noticed a wizard
 14819 | Gauntlet | Killed a blizzard demon
 14819 | Gauntlet | Reached XP level 12. HP: 60/60 MP: 25/25
 14827 | Gauntlet | Got a steaming pewter amulet
 14852 | Gauntlet | Noticed a minotaur
 14885 | Gauntlet | Mangled by a minotaur

Skill      XL: |  1  2  3  4  5  6  7  8  9 10 11 12 |
---------------+-------------------------------------+-----
Spellcasting   | 3 4 5 6 8 |  8.1
Stealth        | 5 6 7 9 11 12 14 15 | 15.1
Hexes          | 4 5 6 7 8 9 |  9.0
Short Blades   | 2 3 4 6 8 |  8.1
Fighting       | 1 2 4 5 6 |  6.0
Dodging        | 6 8 10 | 10.0
Throwing       | 4 |  4.5
Invocations    | 5 |  5.7

Action                   |  1- 3 |  4- 6 |  7- 9 | 10-12 || total
-------------------------+-------+-------+-------+-------++-------
Melee: Dagger            |   110 |   183 |   305 |   306 ||   904
 Fire: Hunting sling     |       |       |    28 |       ||    28
Throw: Stone             |    17 |    44 |    51 |    31 ||   143
 Cast: Corona            |     2 |       |       |     1 ||     3
       Ensorcelled Hiber |    26 |    59 |    56 |    54 ||   195
       Confuse           |       |    10 |    50 |    80 ||   140
       Tukima's Dance    |       |       |     3 |     5 ||     8
       Portal Projectile |       |       |       |     2 ||     2
Invok: Lesser Servant of |       |       |       |     2 ||     2
  Use: Scroll            |       |     1 |     1 |    26 ||    28
 Stab: Sleeping          |    25 |    52 |    57 |    45 ||   179
       Confused          |       |     5 |    34 |    39 ||    78
  Eat: Ration            |       |     3 |     3 |     2 ||     8
Armor: Robe              |    11 |    11 |    10 |     9 ||    41
Dodge: Dodged            |    85 |   118 |   139 |   179 ||   521
